 Dungeon Crawl Stone Soup version 0.29-a0-830-gcb1280458a (webtiles) character file.

Game seed: 669814705348073741

147 nxtlvl the Chopper (level 5, -2/49 HPs)
             Began as a Naga Gladiator on July 12, 2022.
             Slain by a gnoll
             ... wielding a +0 whip
             ... led by a gnoll bouda
              (4 damage)
             ... on level 5 of the Dungeon.
             The game lasted 00:07:56 (841 turns).

nxtlvl the Chopper (Naga Gladiator)                  Turns: 841, Time: 00:07:57

Health: -2/49      AC:  6    Str: 18    XL:     5   Next: 29%
Magic:  5/5        EV:  3    Int:  9    God:
Gold:   115        SH:  0    Dex: 14    Spells: 4/4 levels left

rFire   . . .      SeeInvis +   a - +0 war axe
rCold   . . .      Faith    .   (no shield)
rNeg    . . .      Spirit   .   q - +0 plate armour
rPois   +          Reflect  .   (helmet restricted)
rElec   .          Harm     .   (no cloak)
rCorr   .          Rampage  .   (no gloves)
Will    .....                   (no barding)
Stlth   ..........              (no amulet)
HPRegen 0.16/turn               (no ring)
MPRegen 0.09/turn               (no ring)

@: mighty, very slow
A: AC +1, large, see invisible, deformed body, poison resistance, slowness 2,
spit poison 1, naga tail 1, antennae 1, thin skeletal structure 1
a: Spit Poison


You were on level 5 of the Dungeon.
You visited 1 branch of the dungeon, and saw 5 of its levels.

You collected 115 gold pieces.

Inventory:

Hand Weapons
 a - a +0 war axe (weapon)
 b - a +0 sling
Missiles
 d - 3 throwing nets
 e - a javelin
 h - 6 curare-tipped darts
 r - 4 boomerangs (quivered)
Armour
 c - a +0 helmet
 q - a +0 plate armour (worn)
Scrolls
 f - a scroll of immolation {unknown}
 j - a scroll of identify
 k - a scroll of poison {unknown}
 l - a scroll of amnesia {unknown}
 o - a scroll of magic mapping {unknown}
 p - a scroll of enchant armour {unknown}
Potions
 g - a potion of might
 i - a potion of brilliance {unknown}
 m - a potion of mutation
 n - a potion of haste {unknown}


   Skills:
 + Level 3.3 Fighting
 * Level 5.1 Axes
 - Level 1.7 Throwing
 - Level 2.4 Dodging


You had 4 spell levels left.
You didn't know any spells.
Your spell library contained the following spells:

 Spells                   Type           Power      Damage    Failure   Level
 Apportation              Tloc           0%         N/A       100%        1
 Anguish                  Hex/Necr       0%         N/A       100%        4
 Alistair's Intoxication  Tmut/Pois      0%         N/A       100%        5
 Enfeeble                 Hex            0%         N/A       100%        7


Dungeon Overview and Level Annotations

Branches:
Dungeon (5/15)
 Temple: D:4-7

Altars:
Dithmenos

Annotations:
D:4 Blork the orc
D:5 exclusion: upstairs


Innate Abilities, Weirdness & Mutations

Your serpentine skin is tough. (AC +1)
You have supernaturally acute eyesight. (SInv)
Armour fits poorly on your strangely shaped body.
Your system is resistant to poisons. (rPois)
You cover ground very slowly.
You can spit poison.
You have a snake-like lower body.
You have a pair of small antennae on your head.
You have a somewhat thin skeletal structure. (Dex +2, Stealth+)


Message History

You have reached level 5!
The gnoll bouda attacks as you move away!
The gnoll bouda barely misses you.
As you read the scroll labelled CIVUHE WIGYER, it crumbles to dust.
It is a scroll of identify.
g - 2 potions of might You feel very mighty all of a sudden.
The gnoll bouda hits you with a +0 club.
You closely miss the gnoll bouda.
The gnoll is no longer moving quickly.
The gnoll bouda barks out a call to the hunt!
The gnoll picks up the pace!
You slash the gnoll bouda!
The gnoll bouda is heavily wounded.
The gnoll bouda gazes fiercely through you!
You feel your attacks grow feeble.
The gnoll bouda hits you with a +0 club. x2
You closely miss the gnoll bouda.
The gnoll bouda is heavily wounded.
The gnoll is no longer moving quickly.
The gnoll bouda hits you with a +0 club.
You hit the gnoll bouda but do no damage.
The gnoll bouda is heavily wounded.
The gnoll bouda barks out a call to the hunt!
The gnoll picks up the pace!
You slash the gnoll bouda!
You kill the gnoll bouda!
Your attacks no longer feel as feeble.
The gnoll hits you with a +0 whip.
* * * LOW HITPOINT WARNING * * *
Your Axes skill increases to level 5!
You hit the gnoll.
The gnoll is moderately wounded.
The gnoll is no longer moving quickly.
The gnoll hits you with a +0 whip!
* * * LOW HITPOINT WARNING * * *
It was a potion of mutation.
You feel extremely strange. A pair of antennae grows on your head!
Your +0 helmet falls away!
Your bones become slightly less dense.
The gnoll is no longer moving quickly.
The gnoll hits you with a +0 whip.
You die...

## #. #.####
.#####.#..#
.(.....[..#
..........#
..........#
.........g#####
........)gg@..#
...........##g###.#
..............# #.#
##...########### #.#
#....# #.# #....#
#.# #....# #.#
#....########### #.#
#....##........###.#


You could see 4 gnolls.

Vanquished Creatures
  A scorpion (D:5)
  A gnoll bouda (D:5)
  A gnoll (D:5)
  9 orcs
  A bat (D:1)
  3 endoplasms
  2 giant cockroaches (D:4)
  3 goblins
  4 hobgoblins
  2 kobolds (D:1)
  A quokka (D:2)
  4 ball pythons (D:1)
  3 frilled lizards (D:1)
  3 rats
38 creatures vanquished.

Notes
Turn   | Place    | Note
-------+----------+-------------------------------------------
     0 | D:1      | nxtlvl the Naga Gladiator began the quest for the Orb.
     0 | D:1      | Reached XP level 1. HP: 19/19 MP: 1/1
   174 | D:1      | Reached XP level 2. HP: 8/26 MP: 2/2
   293 | D:1      | Found a faded altar of an unknown god.
   446 | D:3      | Found a shadowy altar of Dithmenos.
   465 | D:3      | Reached XP level 3. HP: 23/33 MP: 3/3
   565 | D:3      | Reached skill level 4 in Axes
   710 | D:4      | Noticed Blork the orc
   719 | D:5      | Entered Level 5 of the Dungeon
   770 | D:5      | Noticed a scorpion
   776 | D:5      | Killed a scorpion
   777 | D:5      | Reached XP level 4. HP: 39/42 MP: 4/4
   831 | D:5      | Reached XP level 5. HP: 22/49 MP: 5/5
   840 | D:5      | Reached skill level 5 in Axes
   840 | D:5      | HP: 2/49 [gnoll/+0 whip[a gnoll bouda] (8)]
   841 | D:5      | Gained mutation: You have a pair of small antennae on your
                  | head. [potion of mutation]
   841 | D:5      | Gained mutation: You have a somewhat thin skeletal
                  | structure. (Dex +2, Stealth+) [potion of mutation]
   841 | D:5      | Slain by a gnoll

Illustrated notes

Levels and vault maps discovered:
D:1:      grunt_arrival_crossed_arrows, layout_loops_corners,
          shapermc_ecumenical_altar_starsandcircs, wad_floor_pattern_1
D:2:      kennysheep_the_goblin_king, layout_rooms, hex_tiny, eino_curves_01
D:3:      layout_loops_ring, mainiacjoe_overflow_small_starburst,
          amethyst_killhole, minmay_misc_feat_cross
D:4:      layout_basic, nemelex_xobeh_ov_fountains_minmay,
          nicolae_qazlal_eye_of_the_storm, kiku_gazebo_pond_becter,
          serial_shops, shop_fountains, uniq_blork_the_orc,
          uniq_crazy_yiuf_cottage
D:5:      layout_basic, minmay_temple_entry_tees, serial_shops,
          nicolae_lakefront_shop

Skill      XL: |  1  2  3  4  5 |
---------------+----------------+-----
Axes           | 4 5 |  5.1
Fighting       | 3 |  3.3
Throwing       | |  1.7
Dodging        | |  2.4

Action                   |  1- 3 |  4- 6 || total
-------------------------+-------+-------++-------
Melee: War axe           |    45 |    15 ||    60
 Fire: Sling             |     4 |       ||     4
Throw: Boomerang         |       |     3 ||     3
 Abil: Spit Poison       |    24 |     1 ||    25
  Use: Potion            |       |     2 ||     2
       Scroll            |       |     1 ||     1
Armor: Leather armour    |     3 |       ||     3
       Scale mail        |    15 |       ||    15
       Plate armour      |     4 |     3 ||     7
Dodge: Dodged            |    16 |     3 ||    19

Table legend: (Time is in decaauts)
 A = Elapsed time spent in this place.
 B = Non-inter-level travel time spent in this place.
 C = Inter-level travel time spent in this place.
 D = Time resting spent in this place.
 E = Time spent auto-exploring this place.
 F = Levels seen in this place.
 G = Mean time per level.
                   A        B        C        D        E       F      G
               +--------+--------+--------+--------+--------+-----+--------+
         Total |   1120 |   1120 |      0 |      0 |      0 |   5 |  224.0 |
       Dungeon |   1120 |   1120 |      0 |      0 |      0 |   5 |  224.0 |
               +--------+--------+--------+--------+--------+-----+--------+

Top non-repeatable levels by time:
     D:1: 545 daAuts
     D:3: 245 daAuts
     D:5: 162 daAuts
     D:4: 110 daAuts
     D:2: 56 daAuts
